 Dungeon Crawl Stone Soup version 0.26-a0-667-g92642533e4 (webtiles) character file.

Game seed: 17015386667343661911

197848 Napalmbreeze the Brawler (level 17, -1/179 HPs)
             Began as a Troll Fighter on Oct 18, 2020.
             Was the Champion of Nemelex Xobeh.
             Killed from afar by a deep elf knight (44 damage)
             ... with a shard of ice
             ... on level 1 of the Elven Halls.
             The game lasted 01:31:20 (30158 turns).

Napalmbreeze the Brawler (Troll Fighter)           Turns: 30158, Time: 01:31:20

Health: -1/179     AC: 16    Str: 31 (33) XL:     17   Next: 79%
Magic:  0/22       EV: 11    Int:  3 (4)  God:    Nemelex Xobeh [******]
Gold:   3080       SH: 12    Dex:  9      Spells: 16/16 levels left

rFire    + . .     SeeInvis .     - Unarmed
rCold    . . .     Faith    .   W - +1 kite shield {reflect}
rNeg     . . .     Spirit   +   L - +3 troll leather armour {Snorg}
rPois    +         Reflect  +   a - +1 hat
rElec    .         Harm     .   X - +2 cloak {rF+}
rCorr    .         Rampage  .   (gloves unavailable)
MR       +....                  (boots unavailable)
Stlth    +.........             B - amulet of guardian spirit
HPRegen  1.19/turn              v - ring of poison resistance
MPRegen  0.18/turn              T - +4 ring of slaying

@: drained
A: large, unfitting armour, claws 3, regeneration 1, shaggy fur 1, tough skin 3
}: 1/15 runes: gossamer
a: Draw Escape, Draw Destruction, Draw Summoning, Draw Stack, Triple Draw, Deal
Four, Stack Five, Renounce Religion


You were on level 1 of the Elven Halls.
You worshipped Nemelex Xobeh.
Nemelex Xobeh was exalted by your worship.
You visited 5 branches of the dungeon, and saw 28 of its levels.
You also visited: Gauntlet, Ice Cave and Volcano.

You collected 3141 gold pieces.
You spent 61 gold pieces at shops.

Inventory:

Hand Weapons
 O - a +2 demon whip of electrocution
Missiles
 H - 13 large rocks (quivered)
Armour
 a - a +1 hat (worn)
 t - a +0 tower shield
 L - a +3 troll leather armour (worn) {Snorg}
 W - a +1 kite shield of reflection (worn)
 X - a +2 cloak of fire resistance (worn)
Jewellery
 v - a ring of poison resistance (left claw)
 B - an amulet of guardian spirit (around neck)
 F - the ring of Greater Demons {*Corrode rElec Dex+4 Stlth-}
   (You found it in a Gauntlet)

   [ring of attention]

   It affects your dexterity (+4).
   It insulates you from electricity.
   It may corrode you when you take damage.
   It makes you less stealthy.
 I - an uncursed ring of resist corrosion
 P - an uncursed ring of protection from fire
 T - a +4 ring of slaying (right claw)
Wands
 r - a wand of iceblast (25)
 w - a wand of disintegration (17)
 y - a wand of acid (6)
 E - a wand of enslavement (15)
 M - a wand of digging (5)
 Y - a wand of flame (20)
Scrolls
 b - a scroll of blinking
 e - 10 scrolls of fog
 f - 7 scrolls of remove curse
 g - a scroll of immolation
 l - a scroll of summoning
 p - 12 scrolls of teleportation
 u - 4 scrolls of magic mapping
 A - 4 scrolls of fear
 C - 4 scrolls of vulnerability
 R - a scroll of silence
 S - 4 scrolls of holy word
Potions
 c - 3 potions of might
 h - 2 potions of resistance
 i - 5 potions of haste
 m - 6 potions of berserk rage
 n - 4 potions of flight
 o - a potion of curing
 q - 5 potions of heal wounds
 s - 3 potions of stabbing
 x - 4 potions of ambrosia
 z - 3 potions of magic
 D - 3 potions of mutation
 G - 4 potions of lignification
 J - a potion of cancellation
 Z - 2 potions of invisibility
Miscellaneous
 j - a phantom mirror
 N - a lightning rod (4/4)
 V - a box of beasts (3/3)


   Skills:
 + Level 13.9(12.7) Fighting
 + Level 7.1(6.1) Throwing
 - Level 7.0(6.0) Armour
 - Level 7.0(6.0) Dodging
 - Level 9.0(7.9) Shields
 - Level 20.0(18.6) Unarmed Combat
 + Level 8.7(7.7) Invocations


You had 16 spell levels left.
You didn't know any spells.
Your spell library contained the following spells:

 Spells                   Type           Power        Failure   Level
 Animate Skeleton         Necr           #.....       63%         1
 Apportation              Tloc           #.....       63%         1
 Corona                   Hex            #......      63%         1
 Foxfire                  Conj/Fire      #...         63%         1
 Sandblast                Erth           #.....       63%         1
 Summon Small Mammal      Summ           #...         63%         1
 Ensorcelled Hibernation  Hex/Ice        #.....       77%         2
 Passwall                 Tmut/Erth      #.......     77%         2
 Confusing Touch          Hex            #.......     94%         3
 Conjure Flame            Conj/Fire      #.......     94%         3
 Dazzling Flash           Conj/Hex       #.....       94%         3
 Ignite Poison            Fire/Tmut/Pois #.......     94%         3
 Inner Flame              Hex/Fire       #.......     94%         3
 Stone Arrow              Conj/Erth      #.....       94%         3
 Tukima's Dance           Hex            #.......     94%         3
 Ice Form                 Ice/Tmut       #.......     100%        4
 Petrify                  Tmut/Erth      #.......     100%        4
 Sticky Flame             Conj/Fire      #.......     100%        4
 Fireball                 Conj/Fire      #.........   100%        5
 Lee's Rapid Deconstruct  Erth           #.........   100%        5
 Metabolic Englaciation   Hex/Ice        #.........   100%        5
 Freezing Cloud           Conj/Ice/Air   #.........   100%        6
 Ozocubu's Refrigeration  Ice            #.........   100%        6
 Simulacrum               Ice/Necr       #.........   100%        6
 Starburst                Conj/Fire      #.........   100%        6
 Ignition                 Fire           #.........   100%        8


Dungeon Overview and Level Annotations

Branches:
Dungeon (15/15)            Temple (0/1) D:5            Lair (6/6) D:10
  Swamp (0/4) Lair:3       Spider (4/4) Lair:4        Slime (0/5) Lair:6
    Orc (2/2) D:11            Elf (1/3) Orc:2        Vaults (0/5) D:14
 Depths (0/5) D:15          IceCv (visited)         Volcano (visited)
Gauntlet (visited)

Altars:
Ashenzari
Cheibriados
Dithmenos
Fedhas
Gozag
Nemelex Xobeh
Okawaru
Ru
Sif Muna
Uskayaw
Vehumet
Xom
Yredelemnul
The Shining One
Beogh

Shops:
D:4 *   D:8 :   Orc:2 ?*:((

Annotations:
D:9 3 runed translucent doors
Lair:6 exclusion: 2 oklob plants


Innate Abilities, Weirdness & Mutations

You are too large for most types of armour.
You have claws for hands.
Your natural rate of healing is unusually fast.
You are covered in fur. (AC +1)
You have extremely tough skin. (AC +3)


Message History

You claw the hell rat!
You kill the hell rat!
The hell rat's corpse disappears in a puff of smoke!
You hear a twanging sound.
An arrow appears from out of thin air!
The arrow hits you. The tarantella completely misses you.
You block something's attack.
The deep elf mage gestures wildly while chanting.
You barely miss something.
The tarantella bites you but does no damage.
You mangle something!!
The tarantella bites you but does no damage.
Something hits you!
* * * LOW HITPOINT WARNING * * *
You completely miss something.
The tarantella bites you but does no damage.
You hear some strange, mumbled words.
A shard of ice appears from out of thin air!
The shard of ice hits you!!!
You die...
Your body glows with a rainbow of weird colours and disappears.

#.#.# #.#.#
###.#.#
#.(.#..
##)### #..#
##.## #.(#
#@##
#{s######
##r##...##.#
#ee(.e....#
####(#.####
#.....s.#
#.........#
#...._....#
#.......e...#


You could see a deep elf archer (repels missiles), a deep elf mage, a tarantella
(summoned) and a hell rat (summoned).

Vanquished Creatures
  Bai Suzhen (Spider:3)
  Jorgrun (D:13)
  Donald (Spider:3)
  3 ghost moths
  Louise (D:15)
  5 emperor scorpions (Spider:4)
  An entropy weaver (Spider:2)
  2 spark wasps
  A minotaur (Gauntlet)
  Snorg (D:10)
  2 ettins
  2 death oozes (Gauntlet)
  A green death (Gauntlet)
  Josephine (Orc:1)
  6 hydras
  3 boulder beetles
  Harold (D:8)
  2 catoblepae (D:14)
  A vault guard (D:14)
  4 centaur warriors (D:15)
  An anaconda (D:12)
  9 dancing weapons
  14 two-headed ogres
  2 tengu warriors (D:13)
  4 ogre magi
  A deep elf knight (Elf:1)
  Nergalle (D:10)
  2 fire crabs
  A wizard (D:15)
  3 deep trolls
  4 unseen horrors
  A swamp dragon (Spider:1)
  A wolf spider zombie (D:14)
  2 lindwurms
  4 ugly things
  13 orb spiders
  5 deep elf magi
  20 wolf spiders
  A manticore (D:15)
  6 oklob plants
  2 orc knights
  2 orc sorcerers
  6 cyclopes
  A guardian serpent (shapeshifter) (D:13)
  A rust devil (IceCv)
  2 ice statues (IceCv)
  2 moths of wrath (Spider:3)
  6 elephants (Lair:4)
  5 black mambas
  Maurice (D:9)
  3 gargoyles
  3 torpor snails
  33 cane toads
  19 demonic crawlers
  A yaktaur (Spider:1)
  A centaur skeleton (D:14)
  A freezing wraith (D:15)
  7 komodo dragons
  3 rime drakes
  5 ice devils (IceCv)
  2 tengu conjurers (D:13)
  A hellwing (IceCv)
  2 queen bees (D:12)
  A harpy zombie (D:14)
  27 jumping spiders
  A merfolk (D:12)
  A wandering mushroom (Lair:2)
  7 polar bears
  10 hornets
  13 trolls
  3 slime creatures (D:13)
  5 tyrant leeches (Lair:6)
  11 dream sheep
  40 blink frogs
  2 shadows (D:15)
  Sigmund (D:3)
  29 tarantellas
  52 redbacks
  55 yaks
  A vampire (D:15)
  5 wraiths
  6 wyverns
  8 basilisks
  2 fire bats (Volcano)
  A steam dragon (Volcano)
  6 vampire mosquitoes (Lair:6)
  2 wargs
  2 acid dragons
  A naga (Lair:4)
  16 water moccasins
  A hell hound (Volcano)
  A swamp drake (D:10)
  Duvessa (D:7)
  A phantom (D:12)
  20 orc warriors
  2 sky beasts
  3 eyes of draining
  12 ice beasts
  4 black bears
  35 ogres
  12 wolves
  A necrophage (D:12)
  14 centaurs
  3 boggarts (D:14)
  2 big kobolds
  31 bullfrogs
  An earth elemental (Elf:1)
  2 wyvern skeletons
  Dowan (D:7)
  A water moccasin skeleton (D:8)
  A scorpion (D:10)
  13 killer bees
  8 wights
  An electric eel (Spider:3)
  A howler monkey (D:6)
  3 bullfrog zombies
  2 centaur zombies
  8 hounds
  4 quasits
  A bullfrog skeleton (D:6)
  5 jellies
  A wyvern simulacrum (D:14)
  16 orc wizards
  20 orc priests
  6 iguanas
  8 worker ants
  2 hound skeletons
  12 adders
  4 shadow imps
  6 white imps (IceCv)
  12 ufetubi
  2 oozes (D:3)
  4 adder zombies
  2 adder skeletons
  A worm (D:4)
  2 leopard geckos
  52 orcs
  4 bats
  9 giant cockroaches
  7 goblins
  7 hobgoblins
  5 jackals
  8 quokkas
  2 ball pythons (D:2)
  2 frilled lizards
  A giant cockroach zombie (D:3)
  12 kobolds
  2 leopard gecko skeletons
  A leopard gecko zombie (D:3)
  A quokka zombie (D:3)
  4 rats
962 creatures vanquished.

Vanquished Creatures (collateral kills)
  Asterion (Spider:4)
  An entropy weaver (Spider:1)
  3 vault guards (D:14)
  Erolcha (D:9)
  A centaur warrior (D:15)
  3 hydras
  A death knight (D:12)
  A two-headed ogre (D:15)
  5 wolf spiders
  6 orb spiders
  7 ugly things
  A cyclops (D:15)
  A moth of wrath (Spider:4)
  3 demonic crawlers
  A yaktaur (D:14)
  3 jumping spiders
  2 hornets
  12 redbacks
  6 tarantellas
  2 yaks
  A basilisk (D:12)
  An acid dragon (D:14)
  3 bullfrogs
  4 electric eels (Lair:3)
  A jelly (D:14)
  A hound (D:14)
  An orc wizard (D:12)
  A bullfrog skeleton (D:12)
  5 orcs (D:12)
79 creatures vanquished.

Vanquished Creatures (others)
  A reaper (IceCv)
  3 white imps (IceCv)
  2 ufetubi (IceCv)
  22 fungi
  100 plants
  4 withered plants (D:3)
132 creatures vanquished.

Grand Total: 1173 creatures vanquished

Notes
Turn   | Place    | Note
-------+----------+-------------------------------------------
     0 | D:1      | Napalmbreeze the Troll Fighter began the quest for the Orb.
     0 | D:1      | Reached XP level 1. HP: 22/22 MP: 0/0
    92 | D:1      | Reached XP level 2. HP: 29/29 MP: 1/1
   722 | D:2      | Reached skill level 3 in Unarmed Combat
   722 | D:2      | Reached XP level 3. HP: 36/36 MP: 2/2
  1099 | D:3      | Noticed Sigmund
  1109 | D:3      | Killed Sigmund
  1109 | D:3      | Reached skill level 5 in Unarmed Combat
  1109 | D:3      | Reached XP level 4. HP: 45/45 MP: 3/3
  1109 | D:3      | Reached XP level 5. HP: 53/53 MP: 4/4
  1160 | D:3      | Found a sparkling altar of Nemelex Xobeh.
  1220 | D:3      | Became a worshipper of Nemelex Xobeh the Trickster
  1288 | D:3      | Found a broken altar of Ashenzari.
  1444 | D:3      | Found an opulent altar of Gozag.
  1618 | D:3      | Reached * piety under Nemelex Xobeh
  1655 | D:3      | Received a gift from Nemelex Xobeh
  1799 | D:3      | Reached XP level 6. HP: 61/61 MP: 5/5
  2020 | D:4      | Reached skill level 6 in Unarmed Combat
  2023 | D:4      | Found Ijiun's Assorted Antiques.
  2091 | D:4      | Received a gift from Nemelex Xobeh
  2282 | D:5      | Entered Level 5 of the Dungeon
  2349 | D:5      | Reached skill level 7 in Unarmed Combat
  2381 | D:5      | Reached XP level 7. HP: 66/67 MP: 6/6
  2569 | D:5      | Found a shadowy altar of Dithmenos.
  2729 | D:5      | Found a blossoming altar of Fedhas.
  2879 | D:5      | Reached skill level 8 in Unarmed Combat
  2889 | D:5      | Reached ** piety under Nemelex Xobeh
  2932 | D:5      | Found a staircase to the Ecumenical Temple.
  3074 | D:6      | Reached XP level 8. HP: 10/79 MP: 7/7
  3225 | D:6      | Received a gift from Nemelex Xobeh
  3317 | D:6      | Reached skill level 5 in Fighting
  3317 | D:6      | Reached skill level 5 in Shields
  3557 | D:6      | Found a shimmering blue altar of Sif Muna.
  3573 | D:6      | Found a hide-covered altar of Uskayaw.
  3653 | D:6      | Found a sacrificial altar of Ru.
  3959 | D:7      | Noticed Dowan
  3961 | D:7      | Noticed Duvessa
  3989 | D:7      | Killed Dowan
  3989 | D:7      | Reached skill level 9 in Unarmed Combat
  3993 | D:7      | Killed Duvessa
  4137 | D:7      | Found a glowing golden altar of the Shining One.
  4171 | D:7      | Reached XP level 9. HP: 88/88 MP: 8/8
  4211 | D:7      | Reached *** piety under Nemelex Xobeh
  4545 | D:7      | Reached skill level 10 in Unarmed Combat
  4594 | D:7      | Found a basalt altar of Yredelemnul.
  4596 | D:7      | Noticed a profane servitor
  4605 | D:7      | Noticed an angel
  4824 | D:8      | Found a snail-covered altar of Cheibriados.
  4922 | D:8      | Received a gift from Nemelex Xobeh
  5263 | D:8      | Found Neosten's Book Shop.
  5513 | D:9      | Noticed Harold
  5750 | D:8      | Killed Harold
  5750 | D:8      | Reached skill level 11 in Unarmed Combat
  5905 | D:9      | Reached XP level 10. HP: 98/98 MP: 9/9
  6059 | D:9      | Found a shimmering altar of Xom.
  6122 | D:9      | Noticed Erolcha
  6130 | D:9      | Killed Erolcha
  6262 | D:9      | Noticed Maurice
  6270 | D:9      | Killed Maurice
  6407 | D:9      | Found a runed translucent gate.
  6407 | D:9      | Found a runed translucent gate.
  6407 | D:9      | Found a runed translucent gate.
  6407 | D:9      | Noticed a white ugly thing
  6407 | D:9      | Noticed a red ugly thing
  6407 | D:9      | Noticed a white very ugly thing
  6408 | D:9      | Noticed a purple ugly thing
  6408 | D:9      | Noticed a glowing orange brain
  6408 | D:9      | Noticed a green ugly thing
  6551 | D:10     | Entered Level 10 of the Dungeon
  6684 | D:10     | Reached **** piety under Nemelex Xobeh
  6809 | D:10     | Reached skill level 12 in Unarmed Combat
  6836 | D:10     | Noticed Snorg
  6836 | D:10     | Noticed Nergalle
  7005 | D:10     | Reached skill level 1 in Invocations
  7097 | D:10     | Received a gift from Nemelex Xobeh
  7304 | D:10     | Found a staircase to the Lair.
  7750 | D:10     | Killed Nergalle
  7750 | D:10     | Reached XP level 11. HP: 92/109 MP: 8/10
  8332 | D:10     | Killed Snorg
  8710 | D:10     | Found a staircase to the Lair.
  8871 | D:11     | Found a frozen archway.
  8923 | IceCv    | Entered an ice cave
  9143 | IceCv    | Killed a reaper
 10067 | D:11     | Found a staircase to the Orcish Mines.
 10073 | D:11     | Found a roughly hewn altar of Beogh.
 10130 | D:11     | Received a gift from Nemelex Xobeh
 10162 | D:11     | Reached skill level 5 in Invocations
 10315 | D:11     | Noticed a two-headed ogre
 10336 | D:11     | Killed a two-headed ogre
 10336 | D:11     | Reached skill level 1 in Armour
 10627 | D:11     | Got a warped whip
 10629 | D:11     | Identified the +3 whip of Cojoruvu {freeze, rPois Int+4}
                  | (You found it on level 11 of the Dungeon)
 10907 | D:11     | Reached XP level 12. HP: 119/119 MP: 14/14
 11259 | D:12     | Reached ***** piety under Nemelex Xobeh
 11377 | D:12     | Reached skill level 13 in Unarmed Combat
 11379 | D:12     | Noticed a six-headed hydra
 11387 | D:12     | Killed a six-headed hydra
 11394 | D:12     | Noticed a death knight
 11411 | D:12     | Killed a death knight
 11541 | D:12     | Received a gift from Nemelex Xobeh
 11579 | D:12     | Noticed an anaconda
 11579 | D:12     | a slime creature changed into an anaconda
 11628 | D:12     | Killed an anaconda
 12093 | Lair:1   | Entered Level 1 of the Lair of Beasts
 12164 | Lair:1   | Received a gift from Nemelex Xobeh
 12288 | Lair:1   | Reached skill level 14 in Unarmed Combat
 12376 | Lair:1   | Reached skill level 5 in Dodging
 13093 | Lair:2   | Received a gift from Nemelex Xobeh
 13110 | Lair:2   | Reached XP level 13. HP: 117/125 MP: 15/15
 13339 | Lair:2   | Reached skill level 15 in Unarmed Combat
 13663 | Lair:2   | Received a gift from Nemelex Xobeh
 13967 | Lair:3   | Found a staircase to the Swamp.
 14176 | Lair:3   | Received a gift from Nemelex Xobeh
 14764 | Lair:4   | Found a dark tunnel.
 14824 | Volcano  | Entered a volcano
 15287 | Lair:4   | Noticed Sonja
 15292 | Lair:4   | Noticed Sonja
 15292 | Lair:4   | Sonja changed into Sonja the naga
 15301 | Lair:4   | Killed Sonja the naga
 15303 | Lair:4   | Reached skill level 16 in Unarmed Combat
 15345 | Lair:4   | Reached skill level 5 in Armour
 15387 | Lair:4   | Found a hole to the Spider Nest.
 16027 | Lair:4   | Received a gift from Nemelex Xobeh
 16281 | Lair:4   | Identified the +0 trident "Gymogol" {vorpal, rElec}
 16284 | Lair:4   | Identified the +1 trident of Cuank {vorpal, rF+}
 16312 | Lair:5   | Found a gate leading to a gauntlet.
 16318 | Gauntlet | Entered a Gauntlet
 16318 | Gauntlet | Found a large runed translucent door.
 16318 | Gauntlet | Found a large runed translucent door.
 16318 | Gauntlet | Found a large runed translucent door.
 16318 | Gauntlet | Found a large runed translucent door.
 16318 | Gauntlet | Found a large runed translucent door.
 16318 | Gauntlet | Found a large runed translucent door.
 16318 | Gauntlet | Found a runed translucent door.
 16318 | Gauntlet | Found a transporter.
 16318 | Gauntlet | Found a transporter.
 16318 | Gauntlet | Found a runed translucent door.
 16318 | Gauntlet | Found a large runed translucent door.
 16318 | Gauntlet | Found a large runed translucent door.
 16318 | Gauntlet | Found a large runed translucent door.
 16318 | Gauntlet | Found a large runed translucent door.
 16318 | Gauntlet | Found a large runed translucent door.
 16318 | Gauntlet | Found a large runed translucent door.
 16402 | Gauntlet | Found a transporter.
 16402 | Gauntlet | Found a transporter.
 16416 | Gauntlet | Found a transporter.
 16426 | Gauntlet | Found a transporter.
 16426 | Gauntlet | Identified the amulet "Togg" {Acrobat +Fly rElec rF- MR+
                  | Int+2}
 16436 | Gauntlet | Found a transporter.
 16436 | Gauntlet | Found a transporter.
 16453 | Gauntlet | Noticed a green death
 16460 | Gauntlet | Found a transporter.
 16467 | Gauntlet | Found a transporter.
 16479 | Gauntlet | Found a transporter.
 16492 | Gauntlet | Found a large runed translucent door.
 16493 | Gauntlet | Found a large runed translucent door.
 16495 | Gauntlet | Found a runed translucent gate.
 16496 | Gauntlet | Found a runed translucent gate.
 16497 | Gauntlet | Found a transporter.
 16497 | Gauntlet | Found a runed translucent gate.
 16504 | Gauntlet | Noticed a death ooze
 16515 | Gauntlet | Found a large runed translucent door.
 16516 | Gauntlet | Found a large runed translucent door.
 16543 | Gauntlet | Found a transporter.
 16555 | Gauntlet | Noticed a death ooze
 16557 | Gauntlet | Found a transporter.
 16658 | Gauntlet | Found a transporter.
 16674 | Gauntlet | Found a transporter.
 16769 | Gauntlet | Killed a death ooze
 16827 | Gauntlet | Killed a death ooze
 16827 | Gauntlet | Reached XP level 14. HP: 135/135 MP: 16/16
 16865 | Gauntlet | Reached skill level 17 in Unarmed Combat
 16874 | Gauntlet | Got a wavering copper ring
 16878 | Gauntlet | Identified the ring of Greater Demons {*Corrode rElec Dex+4
                  | Stlth-} (You found it in a Gauntlet)
 17062 | Lair:5   | Received a gift from Nemelex Xobeh
 17065 | Lair:5   | Reached ****** piety under Nemelex Xobeh
 17499 | Lair:5   | Received a gift from Nemelex Xobeh
 17689 | Lair:6   | Entered Level 6 of the Lair of Beasts
 18016 | Lair:6   | Reached skill level 18 in Unarmed Combat
 18140 | Lair:6   | Reached skill level 10 in Fighting
 18612 | Lair:6   | Received a gift from Nemelex Xobeh
 19343 | Lair:6   | Found a staircase to the Slime Pits.
 19680 | D:13     | Received a gift from Nemelex Xobeh
 19715 | D:13     | Reached XP level 15. HP: 121/147 MP: 14/17
 19759 | D:13     | Reached skill level 19 in Unarmed Combat
 19803 | D:13     | Noticed Jorgrun
 19813 | D:13     | Killed Jorgrun
 20065 | D:13     | Received a gift from Nemelex Xobeh
 20395 | D:14     | Found a sacrificial altar of Ru.
 20502 | D:14     | Received a gift from Nemelex Xobeh
 20609 | D:14     | Identified the +3 executioner's axe of Fiedun {pain,
                  | Fragile MR+++ Int+3 SInv}
 20645 | D:14     | Found a gate to the Vaults.
 20869 | D:14     | Received a gift from Nemelex Xobeh
 21302 | D:15     | Entered Level 15 of the Dungeon
 21322 | D:15     | Reached skill level 20 in Unarmed Combat
 21587 | D:15     | Received a gift from Nemelex Xobeh
 22473 | D:15     | Found a staircase to the Depths.
 22543 | D:15     | Received a gift from Nemelex Xobeh
 22568 | D:15     | Noticed Louise
 22585 | D:15     | Killed Louise
 22871 | Orc:1    | Entered Level 1 of the Orcish Mines
 22887 | Orc:1    | Reached XP level 16. HP: 163/163 MP: 17/19
 22892 | Orc:1    | Noticed Josephine
 22897 | Orc:1    | Killed Josephine
 23132 | Orc:2    | Entered Level 2 of the Orcish Mines
 23324 | Orc:1    | Received a gift from Nemelex Xobeh
 23362 | Orc:1    | Found an iron altar of Okawaru.
 23548 | Orc:2    | Found Tedaem's Magic Scroll Boutique.
 23561 | Orc:2    | Bought a scroll of identify for 22 gold pieces
 23973 | Orc:2    | Found Kohuedak's Book Shop.
 23974 | Orc:2    | Found Ustuyv's Antique Weapon Shop.
 23978 | Orc:2    | Received a gift from Nemelex Xobeh
 23998 | Orc:2    | Found Tuavumaf's General Store.
 24061 | Orc:2    | Found a staircase to the Elven Halls.
 24062 | Orc:2    | Found Qeurregi's Weapon Boutique.
 24066 | Orc:2    | Bought a potion of lignification for 39 gold pieces
 24847 | Spider:1 | Entered Level 1 of the Spider Nest
 25238 | Spider:1 | Received a gift from Nemelex Xobeh
 25239 | Spider:1 | Paralysed by a hornet for 2 turns
 25577 | Spider:1 | Reached skill level 1 in Throwing
 26280 | Spider:2 | Received a gift from Nemelex Xobeh
 26350 | Spider:2 | HP: 2/165 [wolf spider (7)]
 26796 | Spider:2 | Found a runed translucent door.
 27086 | Spider:3 | Reached XP level 17. HP: 164/172 MP: 20/22
 27153 | Spider:3 | Received a gift from Nemelex Xobeh
 27272 | Spider:3 | Noticed Donald
 27286 | Spider:3 | Killed Donald
 27429 | Spider:3 | Reached skill level 5 in Throwing
 27678 | Spider:4 | Entered Level 4 of the Spider Nest
 27688 | Spider:4 | Noticed Bai Suzhen
 27721 | Spider:3 | Killed Bai Suzhen
 27930 | Spider:4 | Received a gift from Nemelex Xobeh
 28646 | Spider:4 | Noticed Asterion
 29207 | Spider:4 | Killed Asterion
 29667 | Spider:4 | Got a gossamer rune of Zot
 30069 | Elf:1    | Entered Level 1 of the Elven Halls
 30096 | Elf:1    | Found a radiant altar of Vehumet.
 30158 | Elf:1    | Killed from afar by a deep elf knight

Illustrated notes

Levels and vault maps discovered:
D:1:      dpeg_arrival_tiny_k, layout_loops_cross
D:2:      layout_basic
D:3:      layout_basic, old_standard_altar, ashenzari_altar_1, serial_undead,
          serial_undead_b, serial_undead_c, serial_undead_b, serial_undead_b,
          serial_undead_b, serial_undead_f,
          nicolae_gozag_cash_rules_everything_around_me, uniq_sigmund
D:4:      layout_rooms, serial_shops, shop
D:5:      layout_loops_cross, overflow_temple_1_default, marbit_many_paths,
          minmay_temple_entry_poolview, minmay_manual_monolith
D:6:      layout_basic, nicolae_overflow_hidden_temple, lemuel_blue_sif_altar,
          lemuel_round_altar
D:7:      layout_basic, grunt_temple_overflow_holy_war, uniq_duvessa
D:8:      layout_gridville, old_standard_altar, serial_shops, shop
D:9:      layout_rooms, lemuel_doored_altar,
          ploomutoo_gammafunk_ghost_potion_laboratory, uniq_harold,
          uniq_erolcha, uniq_maurice
D:10:     layout_irregular_city, erik_lair_dragon, serial_column_ruins,
          column_ruins_hut, column_ruins_corridor_plus,
          column_ruins_corridor_straight, column_ruins_open_tiny,
          column_ruins_open_medium, uniq_snorg, uniq_nergalle
D:11:     layout_basic, minmay_orc_entry_temple_small,
          portal_ice_cave_entry_ice_beasts
D:12:     layout_cave_pools
D:13:     layout_rooms, uniq_jorgrun
D:14:     layout_long_grid, lightli_vaults_fourway_checkpoint,
          nicolae_ru_path_of_blood
D:15:     hangedman_depths_entry_civil_slaughter, layout_small_grid,
          serial_rivers, chequers_serial_rivers_small_b,
          chequers_serial_rivers_small_a, chequers_serial_rivers_micro_b,
          chequers_serial_rivers_micro_a, minivault_19,
          chequers_serial_rivers_room_a, uniq_louise
Lair:1:   layout_cave_shapes, grunt_forest_small_clearings
Lair:2:   layout_chaotic_city, lemuel_fruit_tree, minmay_lair_oklob_chamber,
          lemuel_fruit_fields
Lair:3:   layout_loops_ring, minmay_swamp_entry_eels, beast_lair_carwin_9
Lair:4:   minmay_lair_oklob_tunnel, layout_loops_ring, dummy_spider_entry,
          nicolae_volcano_entry_vermiform, infiniplex_staircase_pool_2,
          uniq_sonja
Lair:5:   layout_misc_corridors, gauntlet_entry_generic,
          cheibrodos_lair_lostbears
Lair:6:   minmay_lair_end_frog_pond, layout_long_grid,
          minmay_slime_entry_oklob_enclosed, grunt_megastairs_1
Spider:1: layout_spider_delve
Spider:2: cheibrodos_spider_deadly_dance
Spider:3: layout_spider_delve, uniq_donald
Spider:4: guppyfry_spider_rune, uniq_asterion, uniq_bai_suzhen
Orc:1:    layout_diamond_mine, okawaru_metal_pillars_3, uniq_josephine
Orc:2:    st_orc_open, layout_caves, serial_shops, shop, mines2_lemuel
Elf:1:    eino_elf_arrival_altar, layout_loops_cross, serial_shops, shop,
          nicolae_shop_stone, shop, nicolae_shop_crystal, minmay_elf_demonology,
          uniq_azrael, uniq_nikola

Skill      XL: |  1  2  3  4  5  6  7  8  9 10 11 12 13 14 15 16 17 |
---------------+----------------------------------------------------+-----
Unarmed Combat | 3 5 7 8 9 11 12 14 16 18 20 | 20.0
Fighting       | 3 4 5 6 7 8 10 12 13 | 13.9
Shields        | 3 5 7 9 |  9.0
Invocations    | 1 5 8 |  8.7
Armour         | 1 4 5 7 |  7.0
Dodging        | 3 5 7 |  7.0
Throwing       | 4 7 |  7.1

Action                   |  1- 3 |  4- 6 |  7- 9 | 10-12 | 13-15 | 16-18 || total
-------------------------+-------+-------+-------+-------+-------+-------++-------
Melee: Unarmed           |    83 |    94 |   252 |   778 |  1015 |   827 ||  3049
       Whip              |       |       |       |     7 |       |       ||     7
       Demon whip        |       |       |       |       |    49 |       ||    49
Throw: Large rock        |       |       |       |       |       |    20 ||    20
Invok: Draw Destruction  |       |       |     6 |    15 |     3 |     7 ||    31
       Draw Summoning    |       |       |     1 |     4 |    11 |     9 ||    25
       Triple Draw       |       |       |     1 |       |       |       ||     1
       Draw Escape       |       |       |       |     1 |       |     2 ||     3
       Deal Four         |       |       |       |     1 |       |     2 ||     3
       Draw Stack        |       |       |       |       |     2 |       ||     2
       Stack Five        |       |       |       |       |     1 |       ||     1
Evoke: Wand              |       |       |       |     7 |     1 |     3 ||    11
       Lightning rod     |       |       |       |     1 |       |       ||     1
       Box of beasts     |       |       |       |       |       |     2 ||     2
  Use: Potion            |     1 |       |     1 |     3 |       |     9 ||    14
       Scroll            |       |     6 |     3 |     7 |    15 |     9 ||    40
 Stab: Sleeping          |       |     1 |     9 |       |       |       ||    10
       Petrified         |       |       |       |       |     6 |       ||     6
       Petrifying        |       |       |       |       |     5 |       ||     5
Armor: Robe              |    25 |    25 |    75 |    66 |       |       ||   191
       Troll leather arm |       |       |       |   122 |   340 |   360 ||   822
Dodge: Dodged            |    21 |    26 |    71 |   215 |   365 |   332 ||  1030
Block: Kite shield       |    38 |    34 |   109 |   353 |   613 |   512 ||  1659
       Reflection        |       |       |       |       |    44 |     5 ||    49

Table legend: (Time is in decaauts)
 A = Elapsed time spent in this place.
 B = Non-inter-level travel time spent in this place.
 C = Inter-level travel time spent in this place.
 D = Time resting spent in this place.
 E = Time spent auto-exploring this place.
 F = Levels seen in this place.
 G = Mean time per level.
                   A        B        C        D        E       F      G
               +--------+--------+--------+--------+--------+-----+--------+
         Total |  29414 |  27367 |   2047 |   4709 |  13551 |  31 |  948.8 |
       Dungeon |  14650 |  13596 |   1054 |   1823 |   7405 |  15 |  976.7 |
          Lair |   6482 |   5932 |    550 |    884 |   3062 |   6 | 1080.3 |
   Spider Nest |   4762 |   4595 |    167 |   1278 |   1795 |   4 | 1190.5 |
  Orcish Mines |   1616 |   1341 |    275 |    137 |    849 |   2 |  808.0 |
   Elven Halls |     73 |     73 |      0 |      1 |      4 |   1 |   73.0 |
      Ice Cave |    918 |    918 |      0 |    441 |     15 |   1 |  918.0 |
       Volcano |    272 |    272 |      0 |     50 |    105 |   1 |  272.0 |
      Gauntlet |    637 |    637 |      0 |     93 |    316 |   1 |  637.0 |
               +--------+--------+--------+--------+--------+-----+--------+

Top non-repeatable levels by time:
    D:10: 2459 daAuts
Spider:4: 1681 daAuts
    D:11: 1587 daAuts
  Lair:6: 1415 daAuts
  Lair:4: 1341 daAuts
    D:15: 1330 daAuts
    D:14: 1225 daAuts
Spider:1: 1197 daAuts
     D:8: 1193 daAuts
  Lair:2: 1069 daAuts
Spider:2: 988 daAuts
  Lair:3: 978 daAuts
  Lair:5: 950 daAuts
   IceCv: 918 daAuts
Spider:3: 895 daAuts
